 Dungeon Crawl Stone Soup version 0.26-a0-393-g67388ea477 (webtiles) character file.

Game seed: 18132448411162774519

679 MaCx the Archer (level 7, 0/61 HPs)
             Began as a Centaur Hunter on July 12, 2020.
             Shot with an arrow by a centaur (10 damage)
             ... on level 5 of the Dungeon on July 22, 2020.
             The game lasted 00:15:41 (5163 turns).

MaCx the Archer (Centaur Hunter)                    Turns: 5163, Time: 00:15:42

Health: 0/61       AC:  4    Str: 14    XL:     7   Next: 34%
Magic:  0/7        EV:  9    Int: 11    God:
Gold:   254        SH:  0    Dex: 11    Spells: 6/6 levels left

rFire    . . .     SeeInvis .   b - +0 short sword
rCold    . . .     Faith    .   (no shield)
rNeg     . . .     Spirit   +   c - +0 leather armour
rPois    .         Reflect  .   (no helmet)
rElec    .         Harm     .   (no cloak)
rCorr    .                      (no gloves)
MR       .....                  (no barding)
Stlth    ..........             i - amulet of guardian spirit
HPRegen  0.20/turn              (no ring)
MPRegen  0.10/turn              (no ring)

@: confused, glowing, very quick
A: large, hooves 3, deformed body, speed 2, tough skin 3
a: no special abilities


You were on level 5 of the Dungeon.
You visited 1 branch of the dungeon, and saw 5 of its levels.

You collected 254 gold pieces.

Inventory:

Hand Weapons
 a - a +2 shortbow
 b - a +0 short sword (weapon)
Missiles
 d - 27 arrows
 e - 28 bolts
Armour
 c - a +0 leather armour (worn)
Jewellery
 i - an amulet of guardian spirit (around neck)
 n - a cursed ring of teleportation {unknown}
Wands
 q - a wand of flame (18)
Scrolls
 j - a scroll of remove curse
 k - a scroll of identify
 m - a scroll of amnesia {unknown}
 s - a scroll of fear {unknown}
Potions
 f - a potion of curing
 g - 5 potions of haste
 h - a potion of degeneration {unknown}
 l - 4 potions of heal wounds {unknown}
 o - a potion of brilliance {unknown}
 p - a potion of stabbing {unknown}
 r - a potion of cancellation {unknown}
 t - a potion of flight {unknown}
 u - a potion of berserk rage {unknown}
 x - 2 potions of magic {unknown}


   Skills:
 + Level 5.0 Fighting
 * Level 10.1 Bows
 - Level 1.3 Dodging
 - Level 0.4 Stealth


You had 6 spell levels left.
You didn't know any spells.
Your spell library was empty.

Dungeon Overview and Level Annotations

Branches:
Dungeon (5/15)
 Temple: D:4-7

Altars:

Annotations:
D:3 4 exclusions, Sigmund


Innate Abilities, Weirdness & Mutations

You have hooves in place of feet.
Armour fits poorly on your strangely shaped body.
You cover ground very quickly.
You have extremely tough skin. (AC +3)


Message History

You see here 2 arrows.
You hit the gnoll shaman.
The gnoll shaman is severely wounded.
The gnoll shaman hits you with a +0 whip.
* * * LOW HITPOINT WARNING * * *
The gnoll shaman hits you with a +0 whip.
* * * LOW HITPOINT WARNING * * *
You see here 2 arrows.
You hit the gnoll shaman.
The gnoll shaman is severely wounded.
The gnoll shaman closely misses you.
You see here 2 arrows.
You barely miss the gnoll shaman. You kick the gnoll shaman.
You kill the gnoll shaman!
Your Fighting skill increases to level 5!
The centaur zaps a wand.
Your will is overpowered!
You are confused.
The now-empty wand crumbles to dust.
The centaur shoots an arrow.
The arrow hits you!
You die...

##........###.####..#
....
+#........##........
...>
#...#'#.........###
.[..
#..##.#####.#####
##...( #.##...#..#.#
#####.....
#)#).....##.##
####..((g(...
#.#########..#
###.(((#####..# ...
........####(((####
.# .....
.....##..@)c(### .
#######..#.##..######
# #. #.## . #. # ..
..# .## $#


You could see a centaur.

Vanquished Creatures
  The ghost of endorz the Digger, an amateur GrEE (D:4)
  A centaur (D:5)
  A scorpion (D:4)
  A quasit (D:3)
  A gnoll shaman (D:5)
  Jessica (D:2)
  An orc wizard (D:2)
  3 worker ants
  A howler monkey skeleton (D:4)
  4 adders
  4 gnolls (D:5)
  2 white imps (D:5)
  An ooze (D:2)
  An adder skeleton (D:4)
  2 worms (D:3)
  2 dart slugs (D:2)
  4 leopard geckos
  5 orcs
  9 bats
  3 giant cockroaches
  7 goblins
  5 hobgoblins
  6 jackals
  7 kobolds
  A quokka (D:4)
  2 ball pythons
  7 frilled lizards
  A quokka skeleton (D:5)
  5 rats
89 creatures vanquished.

Notes
Turn   | Place    | Note
-------+----------+-------------------------------------------
     0 | D:1      | MaCx the Centaur Hunter began the quest for the Orb.
     0 | D:1      | Reached XP level 1. HP: 17/17 MP: 1/1
   351 | D:1      | Reached XP level 2. HP: 24/24 MP: 2/2
   493 | D:1      | Reached skill level 6 in Bows
   933 | D:2      | Reached XP level 3. HP: 30/30 MP: 3/3
  1442 | D:2      | Noticed Jessica
  1686 | D:2      | Reached skill level 7 in Bows
  1686 | D:2      | Reached XP level 4. HP: 37/38 MP: 4/4
  1770 | D:2      | Killed Jessica
  2488 | D:3      | Reached XP level 5. HP: 45/45 MP: 5/5
  2747 | D:3      | Noticed Sigmund
  3430 | D:3      | Reached skill level 8 in Bows
  3751 | D:4      | Reached XP level 6. HP: 52/52 MP: 6/6
  3897 | D:4      | Found a runed translucent gate.
  3898 | D:4      | Found a runed translucent gate.
  3899 | D:4      | Found a runed translucent gate.
  3900 | D:4      | Noticed endorz's ghost (amateur GrEE)
  4237 | D:4      | Killed endorz's ghost
  4237 | D:4      | Reached skill level 9 in Bows
  4237 | D:4      | Reached XP level 7. HP: 26/60 MP: 4/7
  4467 | D:5      | Entered Level 5 of the Dungeon
  4595 | D:5      | Upgraded the game from 0.26-a0-278-g3b0d5afba5 to
                  | 0.26-a0-388-gf3277c4969
  5096 | D:5      | Upgraded the game from 0.26-a0-388-gf3277c4969 to
                  | 0.26-a0-393-g67388ea477
  5128 | D:5      | Reached skill level 10 in Bows
  5163 | D:5      | Reached skill level 5 in Fighting
  5163 | D:5      | Shot with an arrow by a centaur

Illustrated notes

Levels and vault maps discovered:
D:1:      minmay_arrival_checkered_box, layout_loops_ring, chequers_avenue
D:2:      layout_rooms, uniq_jessica
D:3:      layout_basic, gammafunk_ghost_nasty_kobolds, uniq_sigmund
D:4:      layout_rooms, ebering_ghost_rock_garden, kennysheep_donut
D:5:      layout_rooms, gammafunk_temple_overflow_wave, minmay_pentangle

Skill      XL: |  1  2  3  4  5  6  7 |
---------------+----------------------+-----
Bows           | 6 7 8 9 10 | 10.1
Fighting       | 3 4 5 |  5.0
Dodging        | |  1.3
Stealth        | |  0.4

Action                   |  1- 3 |  4- 6 |  7- 9 || total
-------------------------+-------+-------+-------++-------
Melee: Short sword       |    11 |    43 |    51 ||   105
       Kick              |     3 |     9 |    14 ||    26
       Shortbow          |     3 |       |       ||     3
 Fire: Shortbow          |   124 |   105 |    22 ||   251
  Use: Scroll            |       |    12 |       ||    12
Armor: Leather armour    |    21 |    24 |     8 ||    53
Dodge: Dodged            |    28 |    34 |    22 ||    84

Table legend: (Time is in decaauts)
 A = Elapsed time spent in this place.
 B = Non-inter-level travel time spent in this place.
 C = Inter-level travel time spent in this place.
 D = Time resting spent in this place.
 E = Time spent auto-exploring this place.
 F = Levels seen in this place.
 G = Mean time per level.
                   A        B        C        D        E       F      G
               +--------+--------+--------+--------+--------+-----+--------+
         Total |   4481 |   4373 |    108 |   1607 |   1748 |   5 |  896.2 |
       Dungeon |   4481 |   4373 |    108 |   1607 |   1748 |   5 |  896.2 |
               +--------+--------+--------+--------+--------+-----+--------+

Top non-repeatable levels by time:
     D:5: 317 daAuts
     D:4: 218 daAuts
Note: time per level data comes from an upgraded game and may be incomplete.
